 Dungeon Crawl Stone Soup version 0.22.0-32-gbc6daba (console) character file.

21 removed the Magician (level 2, 6/24 HPs)
             Began as a Deep Dwarf Wizard on Aug 23, 2018.
             Quit the game on level 1 of the Dungeon.
             The game lasted 00:00:56 (632 turns).

removed the Magician (Deep Dwarf Wizard)             Turns: 632, Time: 00:00:57

Health: 6/24       AC:  2    Str: 10    XL:     2   Next: 62%
Magic:  2/5        EV: 12    Int: 18    God:
Gold:   33         SH:  0    Dex: 11    Spells: 5/6 levels left

rFire    . . .     SeeInvis .   o - -1 whip (curse)
rCold    . . .     Gourm    .   (no shield)
rNeg     . . .     Faith    .   a - +0 robe
rPois    .         Spirit   .   b - +0 hat
rElec    .         Reflect  .   (no cloak)
rCorr    .         Harm     .   (no gloves)
MR       .....                  (no boots)
Stlth    ++........             (no amulet)
HPRegen  0.00/turn              (no ring)
MPRegen  0.09/turn              (no ring)

@: non-regenerating
A: damage resistance, heal wounds, sense surroundings 1, no regeneration
a: Heal Wounds


You were on level 1 of the Dungeon.
You were not hungry.

You visited 1 branch of the dungeon, and saw 1 of its levels.

You collected 33 gold pieces.

Inventory:

Hand Weapons
 e - a +0 hand axe
 o - a cursed -1 whip (weapon)
Armour
 a - a +0 robe (worn)
 b - a +0 hat (worn)
Scrolls
 h - a scroll of immolation {unknown}
 k - a scroll of fog {unknown}
 l - a scroll of blinking {unknown}
Potions
 g - 2 potions of heal wounds {unknown}
 i - a potion of brilliance {unknown}
 m - a potion of lignification {unknown}
 n - a potion of agility {unknown}
Comestibles
 d - a ration
 j - 4 chunks of flesh


   Skills:
 - Level 0.3 Fighting
 + Level 2.4 Axes
 - Level 2.1 Dodging
 - Level 2.4 Stealth
 - Level 2.6 Spellcasting
 - Level 1.0 Conjurations
   Level 0.8 Summonings
   Level 1.1 Translocations


You had 5 spell levels left.
You knew the following spells:

 Your Spells              Type           Power        Failure   Level  Hunger
a - Magic Dart            Conj           #...         11%         1    #......

Your spell library contained the following spells:

 Spells                   Type           Power        Failure   Level  Hunger
 Blink                    Tloc           N/A          16%         2    ##.....
 Call Imp                 Summ           #.......     19%         2    ##.....
 Slow                     Hex            #.......     26%         2    ##.....
 Conjure Flame            Conj/Fire      #.......     38%         3    ###....
 Mephitic Cloud           Conj/Pois/Air  #.......     41%         3    ###....


Dungeon Overview and Level Annotations

Branches:
Dungeon (1/15)

Altars:


Innate Abilities, Weirdness & Mutations

You are resistant to damage.
You can heal yourself by infusing magical energy.
You passively map a small area around you.
You do not regenerate.


Message History

The hobgoblin is severely wounded.
The hobgoblin barely misses you.
You completely miss the hobgoblin.
The hobgoblin is severely wounded.
The hobgoblin closely misses you.
You closely miss the hobgoblin.
The hobgoblin is severely wounded.
The hobgoblin hits you with a club.
You hit the hobgoblin.
You kill the hobgoblin!
Things that are here:
a club; a hobgoblin corpse That item cannot be evoked!
You see here a glowing whip.
o - a glowing whip Your magical contamination has completely faded away.
Wield which item (- for none, * to show all)? (? for menu, Esc to quit)
It sticks to your hand!
o - a cursed -1 whip (weapon)
Are you sure you want to abandon this character and quit the game? (Confirm with "yes".)

** * * # * ,#.
#.#.#########
#...........# #.#@......#
#.#.####..# ##########
#.#.# * ,
###........###.#.####†.#
#.#..............)....>#
.##.######.###.#.#.#######
..#.### #.# #.#.#.......#
#.#...# #.###.#.#.#..##.#
#.#.#)# #.....#......#*


There were no monsters in sight!

Vanquished Creatures
  A leopard gecko (D:1)
  4 bats (D:1)
  4 goblins (D:1)
  4 hobgoblins (D:1)
  A frilled lizard (D:1)
  A kobold (D:1)
  3 rats (D:1)
18 creatures vanquished.

Notes
Turn   | Place    | Note
-------+----------+-------------------------------------------
     0 | D:1      | removed the Deep Dwarf Wizard began the quest for the Orb.
     0 | D:1      | Reached XP level 1. HP: 15/15 MP: 4/4
     1 | D:1      | Reached skill level 1 in Conjurations
   134 | D:1      | Reached skill level 1 in Axes
   207 | D:1      | Reached XP level 2. HP: 19/24 MP: 0/5
   632 | D:1      | Quit the game

Skill      XL: |  1  2 |
---------------+-------+-----
Conjurations   | 1 |  1.0
Axes           | 1 2 |  2.4
Fighting       | |  0.3
Dodging        | |  2.1
Stealth        | |  2.4
Spellcasting   | |  2.6
Summonings     | |  0.8
Translocations | |  1.1

Action                   || total
-------------------------++-------
Melee: Hand axe          ||    32
 Cast: Magic Dart        ||    35
Armor: Robe              ||     5
Dodge: Dodged            ||    34
